cohdb
Replays
Latest Replays
All Replays
Popular Replays
Top Player Replays
Match Explorer
How It Works
Community
CoH3 Stats
Reddit
Sign in to upload your games and track your stats! →
Sign in with Steam
Match 47122693
Unlisted
Match 47122693
Overview
Messages
Build Orders
End
Construct Section Command Post
Selects Heavy Armor Battlegroup
Infantry Section
Dingo Light Scout Car
Infantry Section
Construct Platoon Command Post
Infantry Section
Unlock M3 Stuart Light Tanks
M3 Stuart Light Tank
Selects Rigorous Vehicle Training
Selects Light Vehicle Withdraw and Refit
M3 Stuart Light Tank
Light Vehicle Withdraw and Refit
M3 Stuart Light Tank
Light Vehicle Training
M3 Stuart Light Tank
Selects Radio Net
dbswo0927
Fonzi
Konrad Curze
FLOKL
VVarMachine
BurningShot
shadow 2 [FOXES]
ggbilli
0
0
Comments
sign in to comment!
No comments posted yet!